 Dungeon Crawl Stone Soup version 0.30.0-29-ga12c61a403 (webtiles) character file.

Game seed: 13490763065532857644

12 cheesebisquit the Caller (level 2, 11/11 HPs)
             Began as a Felid Summoner on June 14, 2023.
             Quit the game on level 1 of the Dungeon.
             The game lasted 00:01:56 (396 turns).

cheesebisquit the Caller (Felid Summoner)            Turns: 396, Time: 00:01:57

Health: 11/11      AC:  1    Str:  4    XL:     2   Next: 20%
Magic:  6/6        EV: 17    Int: 16    God:
Gold:   47         SH:  5    Dex: 16    Spells: 2/5 levels left
                                        Lives:  0   Deaths: 0

rFire   . . .        (weapon unavailable)
rCold   . . .        (shield unavailable)
rNeg    . . .        (body armour unavailable)
rPois   .            (helmet unavailable)
rElec   .            (cloak unavailable)
rCorr   .            (gloves unavailable)
SInv    +            (boots unavailable)
Will    .....        e - amulet of reflection
Stlth   ++           (no ring)
HPRegen 0.21/turn    (no ring)
MPRegen 0.10/turn

%: reflection
@: quick
A: very small, claws 1, fangs 3, see invisible, speed 1, shaggy fur 1, stealthy
paws, no weapons or thrown items, no armour, multi-lived
a: no special abilities


You were on level 1 of the Dungeon.
You visited 1 branch of the dungeon, and saw 1 of its levels.

You collected 47 gold pieces.

Inventory:

Jewellery
 e - an amulet of reflection (around neck)
Scrolls
 c - 2 scrolls of identify {unknown}
 d - a scroll of teleportation {unknown}
 f - a scroll of blinking {unknown}
Potions
 a - a potion of magic
 b - a potion of curing {unknown}


   Skills:
 - Level 2.6 Dodging
 - Level 2.6 Stealth
 + Level 2.4 Spellcasting
 + Level 4.2 Summonings


You had 2 spell levels left.
You knew the following spells:

 Your Spells              Type           Power      Damage    Failure   Level
a - Summon Small Mammal   Summ           60%        N/A       3%          1
b - Call Imp              Summ           30%        N/A       5%          2

Your spell library contained the following spells:

 Spells                   Type           Power      Damage    Failure   Level
 Call Canine Familiar     Summ           15%        N/A       11%         3
 Summon Guardian Golem    Hex/Summ       8%         N/A       24%         3
 Summon Lightning Spire   Summ/Air       8%         N/A       63%         4


Dungeon Overview and Level Annotations

Branches:
Dungeon (1/15)

Altars:


Innate Abilities, Weirdness & Mutations

You have sharp claws.
You have razor-sharp teeth.
You have supernaturally acute eyesight. (SInv)
You cover ground quickly. (Speed+)
You are covered in fur. (AC +1)
Your paws help you pounce on unaware monsters.
You are incapable of wielding weapons or throwing items.
You cannot wear armour.
You gain extra lives every three experience levels.


Message History

Your bat hits the endoplasm.
The endoplasm quivers.
The endoplasm hits your bat.
Your bat hits the endoplasm but does no damage.
The endoplasm barely misses your bat.
Casting: Summon Small Mammal (safe; 3% risk of failure)
Confirm with . or Enter, or press ? or * to list all spells.
A tiny devil pulls itself out of the air.
Your bat hits the endoplasm. The endoplasm barely misses your bat.
Your bat hits the endoplasm.
Your bat barely misses the endoplasm.
The endoplasm hits your bat but does no damage.
Your bat barely misses the endoplasm.
Your bat hits the endoplasm. The endoplasm hits your bat.
Your bat hits the endoplasm but does no damage.
The endoplasm hits your bat.
Your bat hits the endoplasm but does no damage.
The endoplasm misses your bat.
Your bat hits the endoplasm but does no damage.
The endoplasm freezes your bat.
Your bat is frozen.
Your bat hits the endoplasm but does no damage.
The endoplasm barely misses your bat.
Your bat hits the endoplasm but does no damage.
The endoplasm closely misses your bat.
Your bat barely misses the endoplasm.
Your bat hits the endoplasm but does no damage.
The endoplasm barely misses your bat.
Your bat barely misses the endoplasm.
The endoplasm completely misses your bat.
Your bat barely misses the endoplasm.
The endoplasm closely misses your bat.
Your bat hits the endoplasm but does no damage.
The endoplasm misses your bat.
Your bat hits the endoplasm.
The endoplasm dies!
Your bat disappears in a puff of smoke!
Your cerulean imp disappears in a puff of smoke!
Your rat disappears in a puff of smoke!
f - a scroll labelled MUFRAO TESUEH A kobold comes into view.
It is wielding a +0 dagger.
Are you sure you want to abandon this character and quit the game? (Confirm with "yes".)

#.# #.# ..#
#.# #.# #.#
#.# #.# #.#
#.# #.#
#.#.######.##
#.#K........#
#.########@##
#...........#
##########.##
#.# #.# #.#
#.# ... ###


You could see a kobold (asleep).

Vanquished Creatures
  A bat (D:1)
  A giant cockroach (D:1)
  A kobold (D:1)
3 creatures vanquished.

Vanquished Creatures (collateral kills)
  An endoplasm (D:1)
  A giant cockroach (D:1)
  A goblin (D:1)
  A hobgoblin (D:1)
  A ball python (D:1)
  A kobold (D:1)
  2 rats (D:1)
8 creatures vanquished.

Grand Total: 11 creatures vanquished

Notes
Turn   | Place    | Note
-------+----------+-------------------------------------------
     0 | D:1      | cheesebisquit the Felid Summoner began the quest for the
                  | Orb.
     0 | D:1      | Reached XP level 1. HP: 7/7 MP: 4/4
    92 | D:1      | Reached XP level 2. HP: 9/11 MP: 1/6
   106 | D:1      | Learned a level 2 spell: Call Imp
   396 | D:1      | Quit the game

Illustrated notes

Levels and vault maps discovered:
D:1:      spicycebolla_arrival_clurvy, layout_basic, minmay_pentomino_w4

Action                     || total
---------------------------++-------
  Melee: Unarmed           ||     7
   Cast: Summon Small Mamm ||    13
         Call Imp          ||     2
   Stab: Distracted        ||     1
  Dodge: Dodged            ||     6
